Construct Section Command Post
Selects Canadian Shock Battlegroup
Selects Canadian Shock Section
Selects Incendiary Munitions
Construct Platoon Command Post
6-pounder Anti-tank Gun Team
Construct Field Infirmary
6-pounder Anti-tank Gun Team
Construct Company Command Post
Selects Churchill Crocodile Heavy Tank
Selects Churchill Crocodile Heavy Tank
Selects Churchill Crocodile Heavy Tank
Churchill Crocodile Heavy Tank